TOP OF THE 1ST |
Oakland Oaks batting - Pitching for Amarillo ThunderHeads : RHP Ferdi Schipper
|
Pitching: RHP Ferdi Schipper
|
|
Batting: RHB Scott Lister
|
0-0: Called Strike 0-1: Swinging Strike 0-2: Ball 1-2: Ball 2-2: Ball 3-2: Foul Ball, location: 2F 3-2: Strikes out swinging
|
Batting: RHB Brian Callaghan
|
0-0: Ground out 4-3 (Groundball, 4, EV 84.4 MPH)
|
Batting: LHB Alejandro Muniz
|
0-0: Ball 1-0: Fly out, F9 (Flyball, 9LD, EV 92.5 MPH)
|
Top of the 1st over - 0 runs, 0 hits, 0 errors, 0 left on base; Oakland 0 - Amarillo 0 |
BOTTOM OF THE 1ST |
Amarillo ThunderHeads batting - Pitching for Oakland Oaks : RHP Alex Garrett
|
Pitching: RHP Alex Garrett
|
|
Batting: SHB Zack Barton
|
0-0: Ball 1-0: Ball 2-0: Fly out, F9 (Line Drive, 9, EV 99.4 MPH)
|
Batting: SHB Tim Rogers
|
0-0: Fly out, F9 (Flyball, 9D, EV 86.3 MPH)
|
Batting: RHB Bryan Wheeler
|
0-0: Swinging Strike 0-1: Ball 1-1: Swinging Strike 1-2: Fly out, F7 (Flyball, 7, EV 95.6 MPH)
|
Bottom of the 1st over - 0 runs, 0 hits, 0 errors, 0 left on base; Oakland 0 - Amarillo 0 |
TOP OF THE 2ND |
Oakland Oaks batting - Pitching for Amarillo ThunderHeads : RHP Ferdi Schipper
|
Batting: LHB Felipe Gomez
|
0-0: Ball 1-0: Ball 2-0: Ball 3-0: Base on Balls
|
Batting: LHB Marcus Pollard
|
0-0: Ball 1-0: Ball Felipe Gomez steals 2nd, throwing error, E2 Felipe Gomez to third 2-0: Foul Ball, location: 2F 2-1: Called Strike 2-2: Strikes out swinging
|
Batting: LHB Mike Murphy
|
0-0: Called Strike 0-1: Fly out, F8 (Line Drive, 8LD, EV 93.1 MPH) Runner from 3rd tags up, SCORES, throw by CF
|
Batting: RHB Rusty Prodoehl
|
0-0: Foul Ball, location: 2F 0-1: Called Strike 0-2: Ball 1-2: Ball 2-2: Strikes out swinging
|
Top of the 2nd over - 1 run, 0 hits, 1 error, 0 left on base; Oakland 1 - Amarillo 0 |
BOTTOM OF THE 2ND |
Amarillo ThunderHeads batting - Pitching for Oakland Oaks : RHP Alex Garrett
|
Batting: RHB Salvatore Zamora
|
0-0: Called Strike 0-1: Foul Ball, location: 2F 0-2: Foul Ball, location: 2F 0-2: Ball 1-2: Strikes out swinging
|
Batting: RHB Luis Reyna
|
0-0: Fly out, F8 (Flyball, 8LXD, EV 110.6 MPH)
|
Batting: RHB Morgan Harding
|
0-0: Ball 1-0: Foul Ball, location: 2F 1-1: Ball 2-1: Ball 3-1: Base on Balls
|
Batting: RHB Luis Solorzano
|
0-0: DOUBLE (Flyball, 8LD, EV 98.1 MPH) Morgan Harding to third Runner from 3rd tries for Home, SAFE, throw by CF to trailing runner, SAFE at third!
|
Batting: RHB Ron Squires
|
0-0: Ball 1-0: DOUBLE (Line Drive, 9LS, EV 115.6 MPH) Luis Solorzano scores
|
Batting: RHB Carlos Munos
|
0-0: Ball 1-0: Called Strike 1-1: Fly out, F9 (Line Drive, 9D, EV 96.9 MPH)
|
Bottom of the 2nd over - 2 runs, 2 hits, 0 errors, 1 left on base; Oakland 1 - Amarillo 2 |
TOP OF THE 3RD |
Oakland Oaks batting - Pitching for Amarillo ThunderHeads : RHP Ferdi Schipper
|
Batting: RHB Jake Leffel
|
0-0: Ground out 6-3 (Groundball, 6, EV 89.4 MPH)
|
Now at SS: Elias Sagrero
|
|
Batting: RHB David Sharp
|
0-0: Ball 1-0: Called Strike 1-1: Called Strike 1-2: Ball 2-2: Foul Ball, location: 2F 2-2: Strikes out swinging
|
Batting: RHB Scott Lister
|
0-0: Ball 1-0: Swinging Strike 1-1: Ball 2-1: Ball 3-1: Foul Ball, location: 2F 3-2: Base on Balls
|
Batting: RHB Brian Callaghan
|
0-0: Called Strike Scott Lister steals 2nd base 0-1: Ball 1-1: Fly out, F8 (Flyball, 8RS, EV 80.6 MPH)
|
Top of the 3rd over - 0 runs, 0 hits, 0 errors, 1 left on base; Oakland 1 - Amarillo 2 |
BOTTOM OF THE 3RD |
Amarillo ThunderHeads batting - Pitching for Oakland Oaks : RHP Alex Garrett
|
Batting: SHB Zack Barton
|
0-0: Foul Ball, location: 2F 0-1: Ball 1-1: Swinging Strike 1-2: Strikes out looking
|
Batting: RHB Elias Sagrero
|
0-0: Called Strike 0-1: Swinging Strike 0-2: Foul Ball, location: 2F 0-2: Strikes out looking
|
Batting: RHB Bryan Wheeler
|
0-0: Ball 1-0: Foul Ball, location: 2F 1-1: Foul Ball, location: 2F 1-2: Foul Ball, location: 2F 1-2: Foul Ball, location: 2F 1-2: Foul Ball, location: 2F 1-2: Foul Ball, location: 2F 1-2: Ball 2-2: Fly out, F9 (Line Drive, 9D, EV 98.8 MPH)
|
Bottom of the 3rd over - 0 runs, 0 hits, 0 errors, 0 left on base; Oakland 1 - Amarillo 2 |
TOP OF THE 4TH |
Oakland Oaks batting - Pitching for Amarillo ThunderHeads : RHP Ferdi Schipper
|
Batting: LHB Alejandro Muniz
|
0-0: Called Strike 0-1: Fly out, F7 (Flyball, 7D, EV 89.4 MPH)
|
Batting: LHB Felipe Gomez
|
0-0: Called Strike 0-1: Swinging Strike 0-2: Ball 1-2: Fly out, F7 (Flyball, 7S, EV 86.3 MPH)
|
Batting: LHB Marcus Pollard
|
0-0: Foul Ball, location: 2F 0-1: Ball 1-1: Swinging Strike 1-2: Strikes out swinging
|
Top of the 4th over - 0 runs, 0 hits, 0 errors, 0 left on base; Oakland 1 - Amarillo 2 |
BOTTOM OF THE 4TH |
Amarillo ThunderHeads batting - Pitching for Oakland Oaks : RHP Alex Garrett
|
Batting: RHB Salvatore Zamora
|
0-0: Ball 1-0: Foul Ball, location: 2F 1-1: Called Strike 1-2: Ball 2-2: Ball 3-2: Foul Ball, location: 2F 3-2: Base on Balls
|
Batting: RHB Luis Reyna
|
0-0: Called Strike 0-1: Ball 1-1: SINGLE (Groundball, 56, EV 87.5 MPH) (infield hit) Salvatore Zamora to second
|
Batting: RHB Morgan Harding
|
0-0: Swinging Strike 0-1: Swinging Strike 0-2: Ball 1-2: SINGLE (Groundball, 6MD, EV 97.5 MPH) Salvatore Zamora to third Luis Reyna to second Runner from 3rd tries for Home, SAFE, throw by CF to home
|
Batting: RHB Luis Solorzano
|
0-0: Called Strike 0-1: Called Strike 0-2: Strikes out swinging
|
Batting: RHB Ron Squires
|
0-0: Called Strike 0-1: Foul Ball, location: 2F 0-2: Strikes out swinging
|
Batting: RHB Carlos Munos
|
0-0: Ball 1-0: Swinging Strike 1-1: Foul Ball, location: 2F 1-2: SINGLE (Groundball, 34, EV 98.1 MPH) Luis Reyna to third Morgan Harding to second
|
Batting: SHB Zack Barton
|
0-0: Called Strike 0-1: SINGLE (Groundball, 56D, EV 95.6 MPH) Luis Reyna scores Morgan Harding to third Carlos Munos to second Runner from 3rd tries for Home, SAFE, throw by LF to home
|
Batting: RHB Elias Sagrero
|
0-0: Called Strike 0-1: Ball 1-1: Ball 2-1: DOUBLE (Line Drive, 7LS, EV 103.8 MPH) Carlos Munos scores Zack Barton to third
|
Pitching: RHP Dan Rohrbach
|
|
Batting: RHB Bryan Wheeler
|
0-0: Fly out, F7 (Flyball, 7, EV 92.5 MPH)
|
Bottom of the 4th over - 4 runs, 5 hits, 0 errors, 2 left on base; Oakland 1 - Amarillo 6 |
TOP OF THE 5TH |
Oakland Oaks batting - Pitching for Amarillo ThunderHeads : RHP Ferdi Schipper
|
Batting: LHB Mike Murphy
|
0-0: Ball 1-0: Swinging Strike 1-1: Foul Ball, location: 2F 1-2: Strikes out looking
|
Batting: RHB Rusty Prodoehl
|
0-0: Ball 1-0: Called Strike 1-1: SOLO HOME RUN (Line Drive, 7LD, EV 95.0 MPH), Distance : 351 ft
|
Batting: RHB Jake Leffel
|
0-0: Ball 1-0: Swinging Strike 1-1: Swinging Strike 1-2: Strikes out swinging
|
Batting: RHB David Sharp
|
0-0: SINGLE (Groundball, 6MD, EV 95.6 MPH)
|
Batting: RHB Scott Lister
|
0-0: Ball 1-0: Ball 2-0: Ball 3-0: Base on Balls David Sharp to second
|
Batting: RHB Brian Callaghan
|
0-0: Ball Passed Ball! David Sharp to third Scott Lister to second 1-0: Ball 2-0: Called Strike 2-1: Ball 3-1: Base on Balls
|
Batting: LHB Alejandro Muniz
|
0-0: SINGLE (Line Drive, 7S, EV 88.8 MPH) David Sharp scores Scott Lister to third Brian Callaghan to second Runner from 3rd tries for Home, SAFE, throw by LF to home
|
Batting: LHB Felipe Gomez
|
0-0: Fielders Choice at 2nd, 5-4 (Groundball, 5, EV 81.9 MPH)
|
Top of the 5th over - 3 runs, 3 hits, 0 errors, 2 left on base; Oakland 4 - Amarillo 6 |
BOTTOM OF THE 5TH |
Amarillo ThunderHeads batting - Pitching for Oakland Oaks : RHP Dan Rohrbach
|
Batting: RHB Salvatore Zamora
|
0-0: Ball 1-0: Ball 2-0: Ball 3-0: Base on Balls
|
Batting: RHB Luis Reyna
|
0-0: Ball 1-0: Grounds into double play, 4-6-3 (Groundball, 4, EV 103.8 MPH)
|
Batting: RHB Morgan Harding
|
0-0: Foul Ball, location: 2F 0-1: Ground out 4-3 (Groundball, 4, EV 86.9 MPH)
|
Bottom of the 5th over - 0 runs, 0 hits, 0 errors, 0 left on base; Oakland 4 - Amarillo 6 |
TOP OF THE 6TH |
Oakland Oaks batting - Pitching for Amarillo ThunderHeads : RHP Ferdi Schipper
|
Batting: LHB Marcus Pollard
|
0-0: Called Strike 0-1: Ground out U3 (Groundball, 34, EV 95.0 MPH)
|
Batting: LHB Mike Murphy
|
0-0: Foul Ball, location: 2F 0-1: Swinging Strike 0-2: Foul Ball, location: 2F 0-2: Strikes out looking
|
Batting: RHB Rusty Prodoehl
|
0-0: Swinging Strike 0-1: Foul Ball, location: 2F 0-2: Fly out, F7 (Flyball, 7LM, EV 110.6 MPH)
|
Top of the 6th over - 0 runs, 0 hits, 0 errors, 0 left on base; Oakland 4 - Amarillo 6 |
BOTTOM OF THE 6TH |
Amarillo ThunderHeads batting - Pitching for Oakland Oaks : RHP Dan Rohrbach
|
Batting: RHB Luis Solorzano
|
0-0: Called Strike 0-1: Ball 1-1: Called Strike 1-2: Ball 2-2: Ball 3-2: Foul Ball, location: 2F 3-2: Strikes out swinging
|
Batting: RHB Ron Squires
|
0-0: Ball 1-0: Called Strike 1-1: Ball 2-1: Foul Ball, location: 2F 2-2: Foul Ball, location: 2F 2-2: Foul Ball, location: 2F 2-2: Ground out U3 (Groundball, 3, EV 83.8 MPH)
|
Batting: RHB Carlos Munos
|
0-0: Ball 1-0: Called Strike 1-1: Called Strike 1-2: Foul Ball, location: 2F 1-2: Ball 2-2: Ball 3-2: Base on Balls
|
Batting: SHB Zack Barton
|
0-0: Ball 1-0: Foul Ball, location: 2F 1-1: Ball 2-1: Foul Ball, location: 2F 2-2: Ground out 4-3 (Groundball, 4, EV 89.4 MPH)
|
Bottom of the 6th over - 0 runs, 0 hits, 0 errors, 1 left on base; Oakland 4 - Amarillo 6 |
TOP OF THE 7TH |
Oakland Oaks batting - Pitching for Amarillo ThunderHeads : RHP Ferdi Schipper
|
Batting: RHB Jake Leffel
|
0-0: Foul Ball, location: 2F 0-1: Foul Ball, location: 2F 0-2: Strikes out swinging
|
Batting: RHB David Sharp
|
0-0: Fly out, F8 (Flyball, 8RS, EV 89.4 MPH)
|
Batting: RHB Scott Lister
|
0-0: Called Strike 0-1: Swinging Strike 0-2: Foul Ball, location: 2F 0-2: Ball 1-2: Foul Ball, location: 2F 1-2: Foul Ball, location: 2F 1-2: Strikes out looking
|
Top of the 7th over - 0 runs, 0 hits, 0 errors, 0 left on base; Oakland 4 - Amarillo 6 |
BOTTOM OF THE 7TH |
Amarillo ThunderHeads batting - Pitching for Oakland Oaks : RHP Dan Rohrbach
|
Pitching: RHP John Shutt
|
|
Batting: RHB Elias Sagrero
|
0-0: Ball 1-0: Called Strike 1-1: Called Strike 1-2: Ball 2-2: Ground out 6-3 (Groundball, 6, EV 92.5 MPH)
|
Batting: RHB Bryan Wheeler
|
0-0: Foul Ball, location: 2F 0-1: Ground out 4-3 (Groundball, 4, EV 91.9 MPH)
|
Batting: RHB Salvatore Zamora
|
0-0: Foul Ball, location: 2F 0-1: Ball 1-1: Ball 2-1: Ball 3-1: Base on Balls
|
Batting: RHB Luis Reyna
|
0-0: Called Strike 0-1: Swinging Strike 0-2: Strikes out swinging
|
Bottom of the 7th over - 0 runs, 0 hits, 0 errors, 1 left on base; Oakland 4 - Amarillo 6 |
TOP OF THE 8TH |
Oakland Oaks batting - Pitching for Amarillo ThunderHeads : RHP Ferdi Schipper
|
Batting: RHB Brian Callaghan
|
0-0: Called Strike 0-1: Ball 1-1: Foul Ball, location: 2F 1-2: Ball 2-2: Ball 3-2: SINGLE (Groundball, 6M, EV 105.6 MPH)
|
Pitching: LHP Alex Boites
|
|
Batting: LHB Alejandro Muniz
|
0-0: Ball 1-0: Ball 2-0: Ball 3-0: Called Strike 3-1: Swinging Strike Passed Ball! Brian Callaghan to second 3-2: SINGLE (Line Drive, 8LS, EV 95.6 MPH) Brian Callaghan to third
|
Pinch Hitting: RHB Emiel Schlepers
|
0-0: Ball 1-0: Called Strike 1-1: Swinging Strike 1-2: Strikes out swinging
|
Pinch Hitting: SHB Steve Salafia
|
0-0: Swinging Strike 0-1: Ball 1-1: Foul Ball, location: 2F 1-2: Foul Ball, location: 2F 1-2: Ball 2-2: DOUBLE (Line Drive, 78M, EV 104.4 MPH) Brian Callaghan scores Alejandro Muniz to third
|
Batting: LHB Mike Murphy
|
0-0: Called Strike 0-1: Foul Ball, location: 2F 0-2: Strikes out swinging
|
Batting: RHB Rusty Prodoehl
|
0-0: Called Strike 0-1: Called Strike 0-2: Ball Passed Ball! Alejandro Muniz scores Steve Salafia to third 1-2: Foul Ball, location: 2F 1-2: Ball 2-2: Strikes out swinging
|
Top of the 8th over - 2 runs, 3 hits, 0 errors, 1 left on base; Oakland 6 - Amarillo 6 |
BOTTOM OF THE 8TH |
Amarillo ThunderHeads batting - Pitching for Oakland Oaks : RHP John Shutt
|
Now in LF: Marcus Kressley
|
|
Now in RF: Mike Adams
|
|
Batting: RHB Morgan Harding
|
0-0: Called Strike 0-1: Called Strike 0-2: Ground out U3 (Groundball, 34S, EV 68.1 MPH)
|
Pinch Hitting: LHB Santino Pisanello
|
0-0: Ball 1-0: SINGLE (Groundball, P, EV 76.9 MPH) (infield hit)
|
Pinch Hitting: SHB Alfonso Chacon
|
0-0: Ball 1-0: Ball Santino Pisanello steals 2nd base 2-0: Foul Ball, location: 2F 2-1: Swinging Strike 2-2: Strikes out swinging
|
Batting: RHB Carlos Munos
|
0-0: Called Strike 0-1: Foul Ball, location: 2F 0-2: Strikes out swinging, 2-3 out at first.
|
Bottom of the 8th over - 0 runs, 1 hit, 0 errors, 1 left on base; Oakland 6 - Amarillo 6 |
TOP OF THE 9TH |
Oakland Oaks batting - Pitching for Amarillo ThunderHeads : LHP Alex Boites
|
Pitching: RHP Javy Arias
|
|
Now at 3B: Jose Barboza
|
|
Now in RF: Santino Pisanello
|
|
Batting: RHB Jake Leffel
|
0-0: Swinging Strike 0-1: Called Strike 0-2: Strikes out swinging
|
Pinch Hitting: LHB Igor Ciobanu
|
0-0: Ball 1-0: Called Strike 1-1: Ball 2-1: Foul Ball, location: 2F 2-2: Ball 3-2: Foul Ball, location: 2F 3-2: Strikes out looking
|
Batting: RHB Scott Lister
|
0-0: Swinging Strike 0-1: Swinging Strike 0-2: Strikes out looking
|
Top of the 9th over - 0 runs, 0 hits, 0 errors, 0 left on base; Oakland 6 - Amarillo 6 |
BOTTOM OF THE 9TH |
Amarillo ThunderHeads batting - Pitching for Oakland Oaks : RHP John Shutt
|
Pitching: RHP Hisatada Sekiguchi
|
|
Now at 3B: Alberto Malagon
|
|
Batting: SHB Zack Barton
|
0-0: Ball 1-0: Called Strike 1-1: Foul Ball, location: 2F 1-2: SINGLE (Groundball, 34S, EV 85.0 MPH) (infield hit)
|
Batting: RHB Elias Sagrero
|
0-0: Ball Zack Barton steals 2nd base 1-0: Fly out, F8 (Flyball, 8RM, EV 86.9 MPH) Runner from 2nd tags up, SAFE at 3rd with throw by CF
|
Batting: RHB Bryan Wheeler
|
0-0: Foul Ball, location: 2F 0-1: Fly out, F6 (Popup, 6, EV 66.3 MPH)
|
Batting: RHB Salvatore Zamora
|
0-0: Intentional Walk
|
Batting: RHB Luis Reyna
|
0-0: Foul Ball, location: 2F 0-1: Swinging Strike 0-2: Foul Ball, location: 2F 0-2: Ball 1-2: Foul Ball, location: 2F 1-2: Ground out 6-3 (Groundball, 6D, EV 103.8 MPH)
|
Bottom of the 9th over - 0 runs, 1 hit, 0 errors, 2 left on base; Oakland 6 - Amarillo 6 |
TOP OF THE 10TH |
Oakland Oaks batting - Pitching for Amarillo ThunderHeads : RHP Javy Arias
|
Batting: RHB Brian Callaghan
|
0-0: SOLO HOME RUN (Flyball, 7LD, EV 95.0 MPH), Distance : 353 ft
|
Batting: LHB Alejandro Muniz
|
0-0: Called Strike 0-1: Ball 1-1: Swinging Strike 1-2: Strikes out swinging
|
Batting: RHB Marcus Kressley
|
0-0: Ball 1-0: Foul Ball, location: 2F 1-1: Fly out, F9 (Flyball, 89S, EV 88.1 MPH)
|
Batting: LHB Mike Adams
|
0-0: SINGLE (Groundball, 4MD, EV 101.9 MPH)
|
Batting: LHB Mike Murphy
|
0-0: Foul Ball, location: 2F 0-1: Called Strike 0-2: Strikes out swinging
|
Top of the 10th over - 1 run, 2 hits, 0 errors, 1 left on base; Oakland 7 - Amarillo 6 |
BOTTOM OF THE 10TH |
Amarillo ThunderHeads batting - Pitching for Oakland Oaks : RHP Hisatada Sekiguchi
|
Pitching: RHP Charlie Shook
|
|
Batting: RHB Morgan Harding
|
0-0: Swinging Strike 0-1: Ball 1-1: Ball 2-1: Foul Ball, location: 2F 2-2: Foul Ball, location: 2F 2-2: Ball 3-2: Strikes out swinging
|
Batting: LHB Santino Pisanello
|
0-0: Foul Ball, location: 2F 0-1: Foul Ball, location: 2F 0-2: SINGLE (Groundball, 34D, EV 97.5 MPH)
|
Batting: RHB Jose Barboza
|
0-0: Ball 1-0: Ball 2-0: Fly out, F5 (Popup, 56, EV 75.6 MPH)
|
Batting: RHB Carlos Munos
|
0-0: Called Strike 0-1: Fly out, F4 (Flyball, 3D, EV 96.3 MPH)
|
Bottom of the 10th over - 0 runs, 1 hit, 0 errors, 1 left on base; Oakland 7 - Amarillo 6 |
|